 Dungeon Crawl Stone Soup version 0.30-a0-793-g160f7cfddd (webtiles) character file.

Game seed: 3287902136940361333

1 cheesebisquit the Firebug (level 1, -2/14 HPs)
             Began as a Hill Orc Fire Elementalist on Feb 20, 2023.
             Slain by a gnoll
             ... wielding a +0 flail
              (3 damage)
             ... on level 1 of the Dungeon.
             The game lasted 00:00:45 (129 turns).

cheesebisquit the Firebug (HOFE)                     Turns: 129, Time: 00:00:45

Health: -2/14      AC:  2    Str: 10    XL:     1   Next: 20%
Magic:  0/3        EV: 12    Int: 15    God:
Gold:   17         SH:  0    Dex: 11    Spells: 2/3 levels left

rFire   . . .      SeeInvis .    (no weapon)
rCold   . . .      Faith    .    (no shield)
rNeg    . . .      Spirit   .    a - +0 robe
rPois   .          Reflect  .    (no helmet)
rElec   .          Harm     .    (no cloak)
rCorr   .          Rampage  .    (no gloves)
Will    .....                    (no boots)
Stlth   ++                       (no amulet)
HPRegen 0.22/turn                (no ring)
MPRegen 0.08/turn                (no ring)

@: no status effects
A: no striking features
a: no special abilities


You were on level 1 of the Dungeon.
You visited 1 branch of the dungeon, and saw 1 of its levels.

You collected 17 gold pieces.

Inventory:

Armour
 a - a +0 robe (worn)
Scrolls
 c - a scroll of identify {unknown}
Potions
 b - a potion of magic


   Skills:
 - Level 1.5 Dodging
 - Level 1.5 Stealth
 + Level 1.6 Spellcasting
 - Level 1.0 Conjurations
 * Level 3.3 Fire Magic


You had 2 spell levels left.
You knew the following spells:

 Your Spells              Type           Power      Damage    Failure   Level
a - Foxfire               Conj/Fire      28%        2x1d5     10%         1

Your spell library contained the following spells:

 Spells                   Type           Power      Damage    Failure   Level
 Scorch                   Fire           22%        2d6       9%          2
 Inner Flame              Hex/Fire       6%         N/A       34%         3
 Kindle Blastsparks       Fire/Tloc/Air  8%         2d10      41%         3
 Flame Wave               Conj/Fire      7%         2d5       67%         4


Dungeon Overview and Level Annotations

Branches:
Dungeon (1/15)

Altars:


Message History

There is a stone staircase leading down here.
Found an escape hatch in the floor.
A kobold comes into view. It is wielding a +0 short sword.
The kobold shouts!
You conjure some foxfire!
The kobold hits you with a +0 short sword.
The foxfire hits the kobold.
The kobold is moderately wounded.
The foxfire hits the kobold.
The kobold is severely wounded.
The kobold closely misses you.
A kobold is nearby!
You conjure some foxfire!
The kobold hits you with a +0 short sword.
A kobold is nearby!
The foxfire hits the kobold.
You kill the kobold!
Your foxfire dissipates!
A gnoll comes into view. It is wielding a +0 flail.
You conjure some foxfire!
The foxfire hits the gnoll.
The gnoll is moderately wounded.
The foxfire hits the gnoll.
The gnoll is moderately wounded.
You are out of magic!
The gnoll attacks as you move away! The gnoll hits you but does no damage.
The gnoll attacks as you move away! The gnoll hits you with a +0 flail.
The gnoll attacks as you move away! The gnoll closely misses you.
The gnoll attacks as you move away! The gnoll misses you.
You see here a rat corpse.
You conjure some foxfire!
The gnoll barely misses you.
The foxfire hits the gnoll.
The gnoll is moderately wounded.
The foxfire hits the gnoll.
The gnoll is heavily wounded.
The gnoll hits you with a +0 flail!
Ouch! That really hurt!
* * * LOW HITPOINT WARNING * * *
The gnoll attacks as you move away! The gnoll hits you with a +0 flail.
You die...

#####......#.#..
###############...............
#......>........###.....##.#
#..#############.....##)# ##.#
#..#.### .>. #.## #####....#
###.# #..# #.....#### # ##.#
####...g## #.# #.....@.#
############.....ยง#
h#N#n#Q#f#m#......#
##############..###
...........'....#
##############..# p#p#O#f#m#K#
...# ############.#....
..#.###.


You could see a gnoll.

Vanquished Creatures
  A kobold (D:1)
  A rat (D:1)
2 creatures vanquished.

Vanquished Creatures (others)
  10 foxfires (D:1)
10 creatures vanquished.

Grand Total: 12 creatures vanquished

Notes
Turn   | Place    | Note
-------+----------+-------------------------------------------
     0 | D:1      | cheesebisquit the Hill Orc Fire Elementalist began the
                  | quest for the Orb.
     0 | D:1      | Reached XP level 1. HP: 14/14 MP: 3/3
     2 | D:1      | Noticed a spriggan
     4 | D:1      | Noticed an armataur
     6 | D:1      | Noticed a draconian
     6 | D:1      | Noticed an octopode
     8 | D:1      | Noticed a troll
     8 | D:1      | Noticed a vampire
    10 | D:1      | Noticed an elf
    10 | D:1      | Noticed a minotaur
    12 | D:1      | Noticed a human
    14 | D:1      | Noticed a formicid
    14 | D:1      | Noticed a gargoyle
    16 | D:1      | Noticed a felid
    16 | D:1      | Noticed a meteoran
    18 | D:1      | Noticed a naga
    18 | D:1      | Noticed a demigod
    20 | D:1      | Noticed a ghoul
    20 | D:1      | Noticed an ogre
    22 | D:1      | Noticed a tengu
    22 | D:1      | Noticed a vine stalker
    24 | D:1      | Noticed a vine stalker
    24 | D:1      | Noticed a merfolk
    26 | D:1      | Noticed a merfolk
   129 | D:1      | Slain by a gnoll

Illustrated notes

Levels and vault maps discovered:
D:1:      kb_arrival_jail, layout_rooms

Action                     || total
---------------------------++-------
   Cast: Foxfire           ||     5
 Armour: Robe              ||     1
  Dodge: Dodged            ||     4

Table legend: (Time is in decaauts)
 A = Elapsed time spent in this place.
 B = Non-inter-level travel time spent in this place.
 C = Inter-level travel time spent in this place.
 D = Time resting spent in this place.
 E = Time spent auto-exploring this place.
 F = Levels seen in this place.
 G = Mean time per level.
                   A        B        C        D        E       F      G
               +--------+--------+--------+--------+--------+-----+--------+
         Total |    129 |    129 |      0 |      0 |    103 |   1 |  129.0 |
       Dungeon |    129 |    129 |      0 |      0 |    103 |   1 |  129.0 |
               +--------+--------+--------+--------+--------+-----+--------+

Top non-repeatable levels by time:
     D:1: 129 daAuts
